 Dungeon Crawl Stone Soup version 0.17-a0-701-gb6462b4 (webtiles) character file.

7660 kusayu the Covert (level 10, -7/63 HPs)
             Began as a Vampire Enchanter on Apr 19, 2015.
             Was a Believer of Ashenzari.
             Mangled by a water elemental (19 damage)
             ... on level 10 of the Dungeon.
             The game lasted 00:58:22 (11663 turns).

kusayu the Covert (Vampire Enchanter)              Turns: 11663, Time: 00:58:23

Health: -7/63      AC:  6    Str:  7    XL:     10   Next: 99%
Magic:  18/23      EV: 12    Int: 21    God:    Ashenzari [**....]
Gold:   535        SH:  6    Dex: 15    Spells: 3 memorised, 20 levels left

rFire  . . .     SeeInvis +     t - +3 dagger (pain) (curse)
rCold  + . .     Clarity  .     u - +3 leather armour
rNeg   + + .     SustAb   .     x - +1 buckler (curse)
rPois  +         Gourm    .     (no helmet)
rElec  .         Spirit   .     (no cloak)
rCorr  .         Warding  .     (no gloves)
rMut   .         Stasis   .     (no boots)
MR     +....                    (no amulet)
Stlth  +++++++...               l - ring of stealth
                                d - ring of wizardry

@: engulfed, regenerating slowly, somewhat resistant to hostile enchantments,
extremely stealthy
A: fangs 3, see invisible, unbreathing
a: Bat Form, Scrying, Renounce Religion


You were on level 10 of the Dungeon.
You worshipped Ashenzari.
Ashenzari was pleased with you.
You were very thirsty.

You visited 2 branches of the dungeon, and saw 11 of its levels.

You collected 535 gold pieces.

Inventory:

Hand weapons
 t - a cursed +3 dagger of pain (weapon)
 F - a +2 vampiric dagger
Missiles
 e - 4 throwing nets (quivered)
Armour
 u - a +3 leather armour (worn)
 x - a cursed +1 buckler (worn)
Jewellery
 a - an uncursed ring of protection from fire
 d - a ring of wizardry (left hand)
 l - a ring of stealth (right hand)
 o - an uncursed ring of protection from cold
 v - an uncursed amulet of faith
 E - an uncursed ring of invisibility
 I - an uncursed ring of fire
Magical devices
 b - a wand of lightning (3)
 p - a wand of fireball (9)
 r - a wand of hasting (1)
 s - a wand of lightning (6)
 H - a wand of magic darts (12)
Scrolls
 g - 2 scrolls of remove curse
 k - 6 scrolls of identify
 m - 2 scrolls of fog
 n - 3 scrolls of curse weapon
 w - 3 scrolls of fear
 y - a scroll of recharging {unknown}
 A - a scroll of amnesia
 B - a scroll of magic mapping
 C - a scroll of brand weapon {unknown}
 D - a scroll of blinking {unknown}
 G - a scroll of random uselessness {unknown}
Potions
 f - a potion of mutation {unknown}
 h - 9 potions of curing
 i - 3 potions of brilliance
 q - 29 potions of blood
 z - a potion of haste {unknown}
Books
 c - a book of Maledictions

   Spells                             Type                      Level
   a - Corona                         Hexes                        1
   b - Ensorcelled Hibernation        Hexes/Ice                    2
   c - Confuse                        Hexes                        3
   d - Tukima's Dance                 Hexes                        3
   e - Dazzling Spray                 Conjuration/Hexes            3
 j - a book of Flames

   Spells                             Type                      Level
   a - Flame Tongue                   Conjuration/Fire             1
   b - Throw Flame                    Conjuration/Fire             2
   c - Conjure Flame                  Conjuration/Fire             3
   d - Inner Flame                    Hexes/Fire                   3
   e - Sticky Flame                   Conjuration/Fire             4
   f - Fireball                       Conjuration/Fire             5


   Skills:
 * Level 7.2 Short Blades
 - Level 2.1 Dodging
 - Level 12.2 Stealth
 - Level 5.6 Shields
 - Level 9.8 Spellcasting
 - Level 9.2 Hexes
 - Level 2.2 Ice Magic


You had 20 spell levels left.
You knew the following spells:

 Your Spells              Type           Power        Failure   Level  Hunger
b - Ensorcelled Hibernat  Hex/Ice        ####..       1%          2    None
c - Confuse               Hex            #####...     1%          3    None
d - Tukima's Dance        Hex            #####...     1%          3    None


Dungeon Overview and Level Annotations

Branches:
Dungeon (10/15)            Temple (1/1) D:6            Lair (0/8) D:8
    Orc: D:9-12

Altars:
Ashenzari
Cheibriados
Dithmenos
Elyvilon
Fedhas
Gozag
Kikubaaqudgha
Makhleb
Nemelex Xobeh
Okawaru
Qazlal
Ru
Sif Muna
Trog
Vehumet
Xom
Yredelemnul
Zin
The Shining One


Innate Abilities, Weirdness & Mutations

You heal slowly.
You have razor-sharp teeth.
You have supernaturally acute eyesight.
You can survive without breathing.


Message History

You bite the water elemental, but do no damage.
The water elemental is almost destroyed.
The water elemental hits you!
You hit the water elemental.
The water elemental is almost destroyed.
The water elemental hits you!
* * * LOW HITPOINT WARNING * * *
You hit the water elemental but do no damage.
Your bite misses the water elemental.
The water elemental is almost destroyed.
You hit the water elemental.
You bite the water elemental, but do no damage.
The water elemental is almost destroyed.
The water elemental closely misses you.
You hit the water elemental but do no damage.
The water elemental is almost destroyed.
You hit the water elemental but do no damage.
The water elemental is almost destroyed.
The water elemental hits you!!
You die...

###### ##....# #...#.# # #...#.##
##### #...#..## ### #....
##...##..# #.# #....
#.....##E######.# #....
#......{#.@......# #....
*#..††..†##.......# #....
######.≈..≈≈≈.≈#.......######....
.....#..≈≈≈≈...#.................
.....#≈≈≈≈≈≈≈≈≈#.................
.....##≈≈≈≈≈≈E##.................
###...#≈E≈≈≈E≈*#........>.......#
#...##≈≈≈ ###.........#####..#
#....#######'#.........#...#..#


You could see a water elemental.

Vanquished Creatures
  Erolcha (D:8)
  The ghost of kusayu the Conjurer, an experienced OpWz (D:5)
  2 hippogriffs
  9 yaks
  Grum (D:8)
  3 wolves (D:8)
  A hungry ghost (D:10)
  The ghost of kusayu the Magician, an average OpWz (D:4)
  2 sky beasts
  A necrophage (D:10)
  2 ice beasts
  A black bear (D:8)
  3 phantoms
  3 centaurs (D:7)
  5 giant frogs
  2 big kobolds
  Blork the orc (D:6)
  2 gnoll sergeants (D:8)
  5 killer bees (D:7)
  6 hounds
  5 crimson imps
  A jelly (D:5)
  A giant frog skeleton (D:8)
  Jessica (D:3)
  7 orc priests
  16 orc wizards
  5 iguanas
  7 worker ants
  A killer bee zombie (D:7)
  A worker ant zombie (D:9)
  A hound skeleton (D:9)
  14 gnolls
  15 adders
  2 shadow imps
  An ooze (D:3)
  An adder skeleton (D:4)
  4 worms
  10 giant geckos
  48 orcs
  A ball python (D:2)
  9 bats
  A bat skeleton (D:7)
  A bat zombie (D:8)
  14 hobgoblins
  6 quokkas
  7 giant cockroaches
  A giant gecko skeleton (D:5)
  6 giant newts
  A giant spore (D:7)
  24 goblins
  16 kobolds
  8 rats
  5 ballistomycetes
293 creatures vanquished.

Vanquished Creatures (collateral kills)
  A gargoyle (D:9)
  A yak (D:8)
  5 orc warriors
  An ogre (D:4)
  4 wights
  An orc priest (D:9)
  4 orc wizards
  A gnoll shaman (D:9)
  A gnoll (D:8)
  13 orcs
  A kobold (D:8)
33 creatures vanquished.

Vanquished Creatures (others)
  2 dancing weapons
  A worker ant (D:7)
  A giant spore (D:8)
4 creatures vanquished.

Grand Total: 330 creatures vanquished

Notes
Turn   | Place    | Note
--------------------------------------------------------------
     0 | D:1      | kusayu, the Vampire Enchanter, began the quest for the Orb.
     0 | D:1      | Reached XP level 1. HP: 13/13 MP: 3/3
   102 | D:1      | Reached skill level 5 in Hexes
   210 | D:1      | Reached XP level 2. HP: 11/19 MP: 3/5
   214 | D:1      | Learned a level 2 spell: Ensorcelled Hibernation
  1281 | D:1      | Reached XP level 3. HP: 24/24 MP: 6/6
  1466 | D:2      | Reached skill level 5 in Stealth
  2099 | D:2      | Reached skill level 6 in Hexes
  2167 | D:2      | Reached skill level 1 in Ice Magic
  2172 | D:2      | Learned a level 3 spell: Confuse
  2237 | D:2      | Reached XP level 4. HP: 27/30 MP: 3/7
  2933 | D:3      | Reached XP level 5. HP: 35/35 MP: 1/8
  3463 | D:3      | Noticed Jessica
  3467 | D:3      | Killed Jessica
  3467 | D:3      | Reached skill level 7 in Hexes
  3538 | D:3      | Reached XP level 6. HP: 41/41 MP: 2/9
  3623 | D:3      | Learned a level 3 spell: Tukima's Dance
  4144 | D:4      | Noticed kusayu's ghost (average OpWz)
  4186 | D:4      | Killed kusayu's ghost
  4186 | D:4      | Reached skill level 8 in Stealth
  4711 | D:4      | Reached XP level 7. HP: 37/46 MP: 1/10
  4763 | D:4      | HP: 1/46 [orc wizard/magic dart (8)]
  5347 | D:4      | Found a deep blue altar of Sif Muna.
  5347 | D:4      | Found a shattered altar of Ashenzari.
  5350 | D:4      | Became a worshipper of Ashenzari the Shackled
  5470 | D:4      | Reached skill level 9 in Stealth
  5841 | D:4      | Found an ancient bone altar of Kikubaaqudgha.
  5842 | D:4      | Found a snail-covered altar of Cheibriados.
  5847 | D:4      | Found a glowing golden altar of the Shining One.
  5866 | D:4      | Found an iron altar of Okawaru.
  5998 | D:5      | Entered Level 5 of the Dungeon
  6004 | D:5      | Reached skill level 10 in Stealth
  6099 | D:5      | Reached XP level 8. HP: 52/52 MP: 9/13
  6569 | D:5      | Noticed kusayu's ghost (experienced OpWz)
  6601 | D:5      | Killed kusayu's ghost
  6695 | D:5      | Reached skill level 5 in Spellcasting
  6905 | D:6      | Reached skill level 1 in Shields
  6953 | D:6      | Found a staircase to the Ecumenical Temple.
  6953 | D:6      | Noticed Blork the orc
  6965 | D:6      | Killed Blork the orc
  6988 | Temple   | Entered the Ecumenical Temple
  7100 | D:6      | Found a white marble altar of Elyvilon.
  7773 | D:7      | Reached XP level 9. HP: 54/57 MP: 16/18
  8508 | D:8      | Noticed Erolcha
  8518 | D:8      | Killed Erolcha
  9011 | D:8      | Found a stormy altar of Qazlal.
  9092 | D:8      | Found a staircase to the Lair.
  9310 | D:8      | You fall through a shaft!
  9319 | D:10     | Entered Level 10 of the Dungeon
  9329 | D:10     | Reached skill level 5 in Shields
  9329 | D:10     | Reached XP level 10. HP: 63/63 MP: 17/23
  9698 | D:8      | Noticed Grum
  9718 | D:8      | Killed Grum
 10121 | D:9      | Reached skill level 11 in Stealth
 10351 | D:9      | Noticed a gargoyle
 10576 | D:9      | Killed a gargoyle
 10694 | D:9      | Reached skill level 5 in Short Blades
 11011 | D:10     | Reached skill level 12 in Stealth
 11162 | D:10     | Acquired Ashenzari's first power
 11663 | D:10     | Mangled by a water elemental

Action                   |  1- 3 |  4- 6 |  7- 9 | 10-12 || total
-------------------------+-------+-------+-------+-------++-------
Melee: Dagger            |    60 |       |   232 |   275 ||   567
       Rapier            |    25 |   194 |   131 |       ||   350
 Cast: Corona            |    13 |     7 |     1 |       ||    21
       Ensorcelled Hiber |    13 |    16 |    47 |    48 ||   124
       Confuse           |     1 |    18 |    30 |    25 ||    74
       Tukima's Dance    |       |     1 |     8 |    15 ||    24
 Abil: End Transformatio |       |       |       |     2 ||     2
       Bat Form          |       |       |       |     2 ||     2
Evoke: Wand              |       |       |     1 |     1 ||     2
  Use: Potion            |     2 |     4 |    14 |     2 ||    22
       Scroll            |       |       |    12 |     1 ||    13
 Stab: Sleeping          |    14 |    22 |    54 |    38 ||   128
       Confused          |       |     7 |    20 |    13 ||    40
       Distracted        |       |       |     3 |     1 ||     4
